 Dungeon Crawl Stone Soup version 0.28-a0-664-gc179e30c89 (webtiles) character file.

Game seed: 755897003180336705

2 vbjsbvbs the Sneak (level 1, -3/9 HPs)
             Began as a Spriggan Enchanter on Oct 16, 2021.
             Hit by a stone thrown by a hobgoblin (5 damage)
             ... on level 1 of the Dungeon.
             The game lasted 00:00:41 (122 turns).

vbjsbvbs the Sneak (Spriggan Enchanter)              Turns: 122, Time: 00:00:42

Health: -3/9       AC:  2    Str:  4    XL:     1   Next: 33%
Magic:  5/5        EV: 17    Int: 16    God:
Gold:   0          SH:  0    Dex: 15    Spells: 5/5 levels left

rFire   . . .      SeeInvis +   a - +1 dagger
rCold   . . .      Faith    .   (shield restricted)
rNeg    . . .      Spirit   .   b - +0 robe
rPois   .          Reflect  .   (helmet restricted)
rElec   .          Harm     .   (no cloak)
rCorr   .          Rampage  .   (gloves unavailable)
Will    .....                   (boots unavailable)
Stlth   +++.......              (no amulet)
HPRegen 0.03/turn               (no ring)
MPRegen 0.09/turn               (no ring)

@: very quick
A: very small, no large weapons, unfitting armour, see invisible, speed 3
a: no special abilities


You were on level 1 of the Dungeon.
You visited 1 branch of the dungeon, and saw 1 of its levels.

Inventory:

Hand Weapons
 a - a +1 dagger (weapon)
Armour
 b - a +0 robe (worn)
Scrolls
 d - a scroll of vulnerability {unknown}
Potions
 c - a potion of invisibility


   Skills:
 - Level 1.1 Short Blades
 - Level 2.6 Dodging
 - Level 4.4 Stealth
 + Level 2.8 Spellcasting
 + Level 3.7 Hexes


You had 5 spell levels left.
You didn't know any spells.
Your spell library contained the following spells:

 Spells                   Type           Power      Damage    Failure   Level
 Confusing Touch          Hex            14%        N/A       12%         3
 Tukima's Dance           Hex            14%        N/A       12%         3
 Ensorcelled Hibernation  Hex/Ice        16%        N/A       13%         2
 Dazzling Flash           Conj/Hex       16%        N/A       26%         3


Dungeon Overview and Level Annotations

Branches:
Dungeon (1/15)

Altars:


Innate Abilities, Weirdness & Mutations

You are very small and have problems with some larger weapons.
You are too small for most types of armour.
You have supernaturally acute eyesight. (SInv)
You cover ground extremely quickly. (Speed+++)


Message History

Things that are here:
a +0 mace; a kobold corpse
There is an open door here.
There is an open door here.
You open the door.
There is an open door here.
You open the door. 2 hobgoblins come into view.
Found a scroll labelled JIMAWAREYC.
You close the door.
There is an open door here.
You open the large door.
There is a large open door here.
The hobgoblin shouts! x2
There is a large open door here.
The hobgoblin hits you.
The hobgoblin throws a stone.
The stone closely misses you.
You hit the hobgoblin.
The hobgoblin is heavily wounded.
The hobgoblin barely misses you.
You hit the hobgoblin.
The hobgoblin is severely wounded.
The hobgoblin hits you. x2
* * * LOW HITPOINT WARNING * * *
You are too injured to fight recklessly!
You are too injured to fight recklessly!
You are too injured to fight recklessly!
Unknown command.
There is a large open door here.
There is a large open door here.
The hobgoblin throws a stone.
The stone closely misses you.
There's a creature in the doorway!
There is a staircase leading out of the dungeon here.
The hobgoblin throws a stone.
The stone misses you.
The hobgoblin throws a stone.
The stone barely misses you.
The hobgoblin throws a stone.
The stone misses you.
The hobgoblin throws a stone.
The stone hits you but does no damage.
The hobgoblin throws a stone.
The stone hits you.
Ouch! That really hurt!
You die...

###§§≈§§≈≈###
#≈≈≈.§§§.≈§≈# .
#)..........# .
######'###### ##.#####
###8#8'8### ###
#.##...###.........###..
#.#....##...........##..
#.#....#............'#(.
#.'....@......<.....8'.(
#.#....#...g........##..
#.#....##...g.......##..
#.##...###.........###..
##.##### ####8'8#### ###
#.# ######'###### #.##
#..§...?....# ##.###
#§≈§§....§≈≈#
##..#####§≈≈§≈≈≈###


You could see 2 hobgoblins.

Vanquished Creatures
  2 goblins (D:1)
  A kobold (D:1)
3 creatures vanquished.

Notes
Turn   | Place    | Note
-------+----------+-------------------------------------------
     0 | D:1      | vbjsbvbs the Spriggan Enchanter began the quest for the
                  | Orb.
     0 | D:1      | Reached XP level 1. HP: 9/9 MP: 5/5
   122 | D:1      | Hit by a stone thrown by a hobgoblin

Illustrated notes

Levels and vault maps discovered:
D:1:      dpeg_arrival_morbid_curiosity, layout_basic, serial_shops, shop

Action                   || total
-------------------------++-------
Melee: Dagger            ||     7
 Stab: Sleeping          ||     1
Armor: Robe              ||     2
Dodge: Dodged            ||    10

Table legend: (Time is in decaauts)
 A = Elapsed time spent in this place.
 B = Non-inter-level travel time spent in this place.
 C = Inter-level travel time spent in this place.
 D = Time resting spent in this place.
 E = Time spent auto-exploring this place.
 F = Levels seen in this place.
 G = Mean time per level.
                   A        B        C        D        E       F      G
               +--------+--------+--------+--------+--------+-----+--------+
         Total |     79 |     63 |     16 |      0 |     34 |   1 |   79.0 |
       Dungeon |     79 |     63 |     16 |      0 |     34 |   1 |   79.0 |
               +--------+--------+--------+--------+--------+-----+--------+

Top non-repeatable levels by time:
     D:1: 79 daAuts
